BSA
MAUI TROPICS @ SO CAL BRUINS
07/17/2029
 
TOP OF THE 1ST
Maui Tropics batting - Pitching for So Cal Bruins : LHP Ramiro Jiménez
Pitching: LHP Ramiro Jiménez
Batting: RHB Roberto Gómez 0-0: Ball
1-0: Ground out 1-3 (Groundball, 13)
Batting: LHB Dave Cook 0-0: Ball
1-0: Ball
2-0: SOLO HOME RUN (Flyball, 7LD), Distance : 356 ft
Batting: RHB Bo Vickers 0-0: Swinging Strike
0-1: Foul Ball, location: 2F
0-2: Ball
1-2: Strikes out swinging
Batting: RHB José Rodríguez 0-0: Called Strike
0-1: Ball
1-1: Called Strike
1-2: Ground out 6-3 (Groundball, 6)
Top of the 1st over - 1 run, 1 hit, 0 errors, 0 left on base; Maui 1 - So Cal 0
BOTTOM OF THE 1ST
So Cal Bruins batting - Pitching for Maui Tropics : RHP Ronald Cotton
Pitching: RHP Ronald Cotton
Batting: LHB Jesús Campos 0-0: Called Strike
0-1: Foul Ball, location: 2F
0-2: Ground out U3 (Groundball, 3)
Batting: RHB Lawrence Schroeder 0-0: SOLO HOME RUN (Flyball, 9LD), Distance : 339 ft
Batting: RHB Rubén Calderón 0-0: Foul Ball, location: 2F
0-1: Ball
1-1: Fly out, F7 (Flyball, 78M)
Batting: RHB Earl Wiggins 0-0: Ball
1-0: Ball
2-0: Foul Ball, location: 2F
2-1: Swinging Strike
2-2: Ball
3-2: SINGLE (Line Drive, 9S)
Batting: LHB Phil Smith 0-0: Called Strike
0-1: Ball
1-1: Ball
2-1: Foul Ball, location: 2F
2-2: Fly out, F8 (Line Drive, 78XD)
Bottom of the 1st over - 1 run, 2 hits, 0 errors, 1 left on base; Maui 1 - So Cal 1
TOP OF THE 2ND
Maui Tropics batting - Pitching for So Cal Bruins : LHP Ramiro Jiménez
Batting: RHB Matt Silver 0-0: Ball
1-0: Swinging Strike
1-1: Ball
2-1: Ground out 5-3 (Groundball, 56)
Batting: RHB Michael Woodruff 0-0: Ball
1-0: Foul Ball, location: 2F
1-1: SINGLE (Flyball, 89S)
Batting: RHB John Brown 0-0: Foul Ball, location: 2F
0-1: Ball
1-1: Foul Ball, location: 2F
1-2: Ball
2-2: Strikes out swinging
Batting: LHB Mark Everett 0-0: Ball
1-0: SINGLE (Line Drive, 89S)
Michael Woodruff to second
Batting: LHB Don Hull 0-0: Ball
1-0: Ball
2-0: Fly out, F4 (Line Drive, 4)
Top of the 2nd over - 0 runs, 2 hits, 0 errors, 2 left on base; Maui 1 - So Cal 1
BOTTOM OF THE 2ND
So Cal Bruins batting - Pitching for Maui Tropics : RHP Ronald Cotton
Batting: RHB Alfredo Rivera 0-0: Ball
1-0: Called Strike
1-1: Called Strike
1-2: Ball
2-2: Foul Ball, location: 2F
2-2: Strikes out swinging
Batting: LHB Patrick Osborne 0-0: Ball
1-0: Foul Ball, location: 2F
1-1: SOLO HOME RUN (Line Drive, 9LD), Distance : 350 ft
Batting: SHB Ken Hernández 0-0: Called Strike
0-1: Ground out 1-3 (Groundball, P)
Batting: RHB Sam Wallace 0-0: Fly out, F9 (Flyball, 9)
Bottom of the 2nd over - 1 run, 1 hit, 0 errors, 0 left on base; Maui 1 - So Cal 2
TOP OF THE 3RD
Maui Tropics batting - Pitching for So Cal Bruins : LHP Ramiro Jiménez
Batting: RHB Roberto Gómez 0-0: Called Strike
0-1: Ball
1-1: Foul Ball, location: 2F
1-2: Strikes out swinging, 2-3 out at first.
Batting: LHB Dave Cook 0-0: Ball
1-0: Swinging Strike
1-1: Foul Ball, location: 2F
1-2: Fly out, F7 (Flyball, 7D)
Batting: RHB Bo Vickers 0-0: Called Strike
0-1: Foul Ball, location: 2F
0-2: Ball
1-2: Ball
2-2: Strikes out swinging
Top of the 3rd over - 0 runs, 0 hits, 0 errors, 0 left on base; Maui 1 - So Cal 2
BOTTOM OF THE 3RD
So Cal Bruins batting - Pitching for Maui Tropics : RHP Ronald Cotton
Batting: LHB Jesús Campos 0-0: Ball
1-0: Fly out, F8 (Line Drive, 8RM)
Batting: RHB Lawrence Schroeder 0-0: Ball
1-0: Ball
2-0: Ball
3-0: Called Strike
3-1: Foul Ball, location: 2F
3-2: Foul Ball, location: 2F
3-2: Strikes out swinging
Batting: RHB Rubén Calderón 0-0: Ball
1-0: Ball
2-0: Called Strike
2-1: Ball
3-1: Called Strike
3-2: Fly out, F7 (Line Drive, 78M)
Bottom of the 3rd over - 0 runs, 0 hits, 0 errors, 0 left on base; Maui 1 - So Cal 2
TOP OF THE 4TH
Maui Tropics batting - Pitching for So Cal Bruins : LHP Ramiro Jiménez
Batting: RHB José Rodríguez 0-0: Called Strike
0-1: Foul Ball, location: 2F
0-2: Strikes out looking
Batting: RHB Matt Silver 0-0: Fly out, F8 (Flyball, 8LM)
Batting: RHB Michael Woodruff 0-0: Ground out 5-3 (Groundball, 56)
Top of the 4th over - 0 runs, 0 hits, 0 errors, 0 left on base; Maui 1 - So Cal 2
BOTTOM OF THE 4TH
So Cal Bruins batting - Pitching for Maui Tropics : RHP Ronald Cotton
Batting: RHB Earl Wiggins 0-0: Called Strike
0-1: Swinging Strike
0-2: Foul Ball, location: 2F
0-2: Ground out 5-3 (Groundball, 56)
Batting: LHB Phil Smith 0-0: Called Strike
0-1: Ball
1-1: Foul Ball, location: 2F
1-2: Foul Ball, location: 2F
1-2: Foul Ball, location: 2F
1-2: Strikes out swinging
Batting: RHB Alfredo Rivera 0-0: Ball
1-0: Foul Ball, location: 2F
1-1: DOUBLE (Line Drive, 7D)
Batting: LHB Patrick Osborne 0-0: Ball
Wild Pitch!
Alfredo Rivera to third
1-0: Ball
2-0: Called Strike
2-1: Ball
3-1: Called Strike
3-2: Base on Balls
Batting: SHB Ken Hernández 0-0: Called Strike
0-1: 3-RUN HOME RUN (Flyball, 9D), Distance : 364 ft
Batting: RHB Sam Wallace 0-0: Called Strike
0-1: Fly out, F7 (Flyball, 78M)
Bottom of the 4th over - 3 runs, 2 hits, 0 errors, 0 left on base; Maui 1 - So Cal 5
TOP OF THE 5TH
Maui Tropics batting - Pitching for So Cal Bruins : LHP Ramiro Jiménez
Batting: RHB John Brown 0-0: Foul Ball, location: 2F
0-1: Ball
1-1: Called Strike
1-2: Strikes out looking
Batting: LHB Mark Everett 0-0: Called Strike
0-1: Foul Ball, location: 2F
0-2: Ball
1-2: Ball
2-2: Foul Ball, location: 2F
2-2: Fly out, F8 (Line Drive, 78M)
Batting: LHB Don Hull 0-0: SINGLE (Groundball, 34D)
Batting: RHB Roberto Gómez 0-0: Ball
1-0: Ball
2-0: Swinging Strike
2-1: Foul Ball, location: 2F
2-2: Ball
3-2: SINGLE (Flyball, 78M)
Don Hull to second
Don Hull to third
Batting: LHB Dave Cook 0-0: Foul Ball, location: 2F
0-1: Ball
1-1: Foul Ball, location: 2F
1-2: Foul Ball, location: 2F
1-2: Strikes out swinging
Top of the 5th over - 0 runs, 2 hits, 0 errors, 2 left on base; Maui 1 - So Cal 5
BOTTOM OF THE 5TH
So Cal Bruins batting - Pitching for Maui Tropics : RHP Ronald Cotton
Batting: LHB Jesús Campos 0-0: Called Strike
0-1: Called Strike
0-2: Strikes out swinging
Batting: RHB Lawrence Schroeder 0-0: Ball
1-0: Ground out U3 (Groundball, 34)
Batting: RHB Rubén Calderón 0-0: Ball
1-0: Ball
2-0: Called Strike
2-1: Ball
3-1: Fly out, F4 (Popup, 4D)
Bottom of the 5th over - 0 runs, 0 hits, 0 errors, 0 left on base; Maui 1 - So Cal 5
TOP OF THE 6TH
Maui Tropics batting - Pitching for So Cal Bruins : LHP Ramiro Jiménez
Batting: RHB Bo Vickers 0-0: Ball
1-0: Foul Ball, location: 2F
1-1: Foul Ball, location: 2F
1-2: SINGLE (Line Drive, 6D)
Batting: RHB José Rodríguez 0-0: Called Strike
0-1: Swinging Strike
0-2: Ball
1-2: Ball
Wild Pitch!
Bo Vickers to second
2-2: Strikes out swinging
Batting: RHB Matt Silver 0-0: Ball
1-0: Swinging Strike
1-1: SINGLE (Groundball, 6D)
Bo Vickers to third
Batting: RHB Michael Woodruff 0-0: Ball
1-0: Ball
2-0: Called Strike
2-1: Ball
3-1: Called Strike
3-2: Ground out 6-3 (Groundball, 6)
Bo Vickers scores
Matt Silver to second
Batting: RHB John Brown 0-0: Ball
1-0: Ball
2-0: Ball
3-0: SINGLE (Flyball, 7S)
Matt Silver to third
Runner from 3rd tries for Home, SAFE, no throw
Batting: LHB Mark Everett 0-0: Called Strike
0-1: Called Strike
0-2: Ball
1-2: Foul Ball, location: 2F
1-2: Ball
2-2: Ball
3-2: Fly out, F6 (Popup, 6M)
Top of the 6th over - 2 runs, 3 hits, 0 errors, 1 left on base; Maui 3 - So Cal 5
BOTTOM OF THE 6TH
So Cal Bruins batting - Pitching for Maui Tropics : RHP Ronald Cotton
Pitching: RHP David Bailey
Batting: RHB Earl Wiggins 0-0: Ball
1-0: Ball
2-0: Ball
3-0: Base on Balls
Batting: LHB Phil Smith 0-0: Foul Ball, location: 2F
0-1: Ball
1-1: Grounds into double play, 4-6-3 (Groundball, 34)
Batting: RHB Alfredo Rivera 0-0: SINGLE (Groundball, 34D)
Batting: LHB Patrick Osborne 0-0: Called Strike
0-1: Foul Ball, location: 2F
0-2: Ball
Alfredo Rivera steals 2nd base
1-2: Ball
2-2: Foul Ball, location: 2F
2-2: Foul Ball, location: 2F
2-2: Ball
3-2: Ground out 4-3 (Groundball, 4)
Bottom of the 6th over - 0 runs, 1 hit, 0 errors, 1 left on base; Maui 3 - So Cal 5
TOP OF THE 7TH
Maui Tropics batting - Pitching for So Cal Bruins : LHP Ramiro Jiménez
Batting: LHB Don Hull 0-0: Ball
1-0: Called Strike
1-1: Ball
2-1: Swinging Strike
2-2: Strikes out swinging
Batting: RHB Roberto Gómez 0-0: Ball
1-0: Foul Ball, location: 2F
1-1: Ball
2-1: Called Strike
2-2: Strikes out swinging
Batting: LHB Dave Cook 0-0: Ball
1-0: Fly out, F7 (Line Drive, 7S)
Top of the 7th over - 0 runs, 0 hits, 0 errors, 0 left on base; Maui 3 - So Cal 5
BOTTOM OF THE 7TH
So Cal Bruins batting - Pitching for Maui Tropics : RHP David Bailey
Batting: SHB Ken Hernández 0-0: Called Strike
0-1: Ball
1-1: Foul Ball, location: 2F
1-2: Foul Ball, location: 2F
1-2: Fly out, F6 (Popup, 6M)
Batting: RHB Sam Wallace 0-0: Ball
1-0: Swinging Strike
1-1: Ball
2-1: Ball
3-1: Foul Ball, location: 2F
3-2: Strikes out looking
Batting: LHB Jesús Campos 0-0: Called Strike
0-1: Ball
1-1: Ball
2-1: Swinging Strike
2-2: Ball
3-2: Strikes out swinging
Bottom of the 7th over - 0 runs, 0 hits, 0 errors, 0 left on base; Maui 3 - So Cal 5
TOP OF THE 8TH
Maui Tropics batting - Pitching for So Cal Bruins : LHP Ramiro Jiménez
Pitching: RHP Masahiko Okada
Batting: RHB Bo Vickers 0-0: Called Strike
0-1: Ball
1-1: Called Strike
1-2: Strikes out looking
Batting: RHB José Rodríguez 0-0: Ball
1-0: Ball
2-0: SINGLE (Line Drive, 89S)
Batting: RHB Matt Silver 0-0: Ball
1-0: Ball
2-0: Foul Ball, location: 2F
2-1: Ball
3-1: Ground out 5-3 (Groundball, 56S)
José Rodríguez to second
Batting: RHB Michael Woodruff 0-0: Ball
1-0: Fly out, F9 (Flyball, 9)
Top of the 8th over - 0 runs, 1 hit, 0 errors, 1 left on base; Maui 3 - So Cal 5
BOTTOM OF THE 8TH
So Cal Bruins batting - Pitching for Maui Tropics : RHP David Bailey
Batting: RHB Lawrence Schroeder 0-0: Ball
1-0: Called Strike
1-1: Ball
2-1: Ground out 6-3 (Groundball, 6)
Batting: RHB Rubén Calderón 0-0: Ball
1-0: Ground out 5-3 (Groundball, 5L)
Batting: RHB Earl Wiggins 0-0: Ball
1-0: Ball
2-0: Fly out, F8 (Flyball, 8LD)
Bottom of the 8th over - 0 runs, 0 hits, 0 errors, 0 left on base; Maui 3 - So Cal 5
TOP OF THE 9TH
Maui Tropics batting - Pitching for So Cal Bruins : RHP Masahiko Okada
Pitching: RHP César Menéndez
Batting: RHB John Brown 0-0: Called Strike
0-1: Called Strike
0-2: Foul Ball, location: 2F
0-2: Foul Ball, location: 2F
0-2: Ball
1-2: Foul Ball, location: 2F
1-2: Foul Ball, location: 2F
1-2: Ball
2-2: Ball
3-2: Fly out, F8 (Flyball, 8LXD)
Batting: LHB Mark Everett 0-0: Ball
1-0: Ball
2-0: Ground out 4-3 (Groundball, 4M)
Batting: LHB Don Hull 0-0: Swinging Strike
0-1: Foul Ball, location: 2F
0-2: Ball
1-2: Strikes out swinging
Top of the 9th over - 0 runs, 0 hits, 0 errors, 0 left on base; Maui 3 - So Cal 5
Saturday, December 16th, 2017 - OOTP Baseball 18.8 Build 76